 Dungeon Crawl Stone Soup version 0.22-a0-815-gb582571 (webtiles) character file.

105339 Amnesiac the Earth Mage (level 15, -3/100 HPs)
             Began as a Mummy Earth Elementalist on July 23, 2018.
             Was a High Priest of Vehumet.
             Slain by a death yak (20 damage)
             ... in an ice cave.
             The game lasted 01:13:13 (29231 turns).

Amnesiac the Earth Mage (Mummy Earth Elementalist) Turns: 29231, Time: 01:13:14

Health: -3/100     AC: 16    Str: 12    XL:     15   Next: 94%
Magic:  25/44      EV: 15    Int: 21    God:    Vehumet [*****.]
Gold:   458        SH: 15    Dex: 17    Spells: 10/47 levels left

rFire    . . .     SeeInvis +   a - +5 dagger (venom)
rCold    + . .     Gourm    .   q - +2 shield {AC+3}
rNeg     + + +     Faith    .   e - +2 robe {rF+}
rPois    ∞         Spirit   .   (no helmet)
rElec    .         Reflect  +   o - +2 cloak
rCorr    +         Harm     .   x - +2 pair of gloves
MR       +....                  K - +2 pair of boots of Agaafud {Dex+5 SInv}
Stlth    +++.......             g - +4 amulet of reflection
HPRegen  0.26/turn              n - ring of magical power
MPRegen  0.29/turn              G - ring of resist corrosion

@: about to teleport, very slightly contaminated, slowed, very slow
A: no food or potions, fire vulnerability, cold resistance 1, negative energy
resistance 3, torment resistance, unbreathing, in touch with death 1
a: Renounce Religion


You were in an ice cave.
You worshipped Vehumet.
Vehumet was extremely pleased with you.
You were not hungry.

You visited 4 branches of the dungeon, and saw 22 of its levels.
You also visited: Labyrinth, Sewer, Ossuary and Ice Cave.

You collected 2025 gold pieces.
You spent 1567 gold pieces at shops.

Inventory:

Hand Weapons
 a - a +5 dagger of venom (weapon)
 w - a +1 dagger of electrocution
 L - a +5 blowgun
Missiles
 h - 653 stones (quivered)
 i - 181 poisoned needles
 C - 10 throwing nets
Armour
 d - a +4 troll leather armour {Purgy}
 e - a +2 robe of fire resistance (worn)
 o - a +2 cloak (worn)
 q - a +2 shield of protection (worn)
 x - a +2 pair of gloves (worn)
 B - a scarf of cloud immunity
 K - the +2 pair of boots of Agaafud (worn) {Dex+5 SInv}
   (You found it on level 14 of the Dungeon)

   It affects your dexterity (+5).
   It lets you see invisible.
Magical Staves
 b - an uncursed staff of wizardry
Jewellery
 g - a +4 amulet of reflection (around neck)
 n - a ring of magical power (left hand)
 D - an uncursed ring of protection from fire {unknown}
 G - a ring of resist corrosion (right hand)
Wands
 j - a wand of random effects (32)
 l - a wand of acid (6)
 m - a wand of digging (29)
 v - a wand of iceblast (13)
 y - a wand of flame (55)
 H - a wand of paralysis (16)
 M - a wand of polymorph (10)
Scrolls
 c - 13 scrolls of identify {!r}
 k - 14 scrolls of teleportation {!r}
 p - 7 scrolls of amnesia {!r}
 r - 2 scrolls of magic mapping {!r}
 s - a scroll of enchant weapon {!r}
 t - 8 scrolls of remove curse {!r}
 z - 4 scrolls of enchant armour {!r}
 E - a scroll of immolation {!r, unknown}
 F - a scroll of summoning {!r}
 I - a scroll of silence {!r}
 O - a scroll of brand weapon {!r, unknown}
Miscellaneous
 u - a lamp of fire
 A - a lightning rod (4/4)
 J - 2 phantom mirrors
 N - a sack of spiders


   Skills:
 - Level 4.0 Fighting
 - Level 8.0 Dodging
 - Level 4.0 Stealth
 - Level 4.0 Shields
 + Level 16.9 Spellcasting
 - Level 0.7 Transmutations
 - Level 4.0 Air Magic
 * Level 16.9 Earth Magic
 - Level 4.0 Evocations


You had 10 spell levels left.
You knew the following spells:

 Your Spells              Type           Power        Failure   Level  Hunger
a - Stone Arrow           Conj/Erth      ######       1%          3    N/A
b - Passwall              Tmut/Erth      ######..     1%          2    N/A
c - Sandblast             Erth           ######       0%          1    N/A
d - Lee's Rapid Deconstr  Erth           ######....   1%          5    N/A
e - Borgnjor's Vile Clut  Necr/Erth      ######....   11%         5    N/A
f - Leda's Liquefaction   Hex/Erth       ######....   4%          4    N/A
g - Petrify               Tmut/Erth      ######..     3%          4    N/A
h - Summon Lightning Spi  Summ/Air       ####....     50%         4    N/A
i - Deflect Missiles      Chrm/Air       ####......   100%        6    N/A
z - Ozocubu's Armour      Chrm/Ice       ###.....     36%         3    N/A

Your spell library contained the following spells:

 Spells                   Type           Power        Failure   Level  Hunger
 Invisibility             Hex            ###.....     100%        6    N/A
 Throw Frost              Conj/Ice       ###...       5%          2    N/A
 Mephitic Cloud           Conj/Pois/Air  ###.....     6%          3    N/A
 Venom Bolt               Conj/Pois      ###.......   63%         5    N/A
 Olgreb's Toxic Radiance  Pois           ###.....     32%         4    N/A
 Freeze                   Ice            ###.         3%          1    N/A
 Summon Ice Beast         Ice/Summ       ###.....     78%         4    N/A
 Sting                    Conj/Pois      ###.         3%          1    N/A
 Summon Demon             Summ           ###.......   98%         5    N/A
 Swiftness                Chrm/Air       ####....     9%          2    N/A
 Recall                   Summ/Tloc      N/A          36%         3    N/A
 Spider Form              Tmut/Pois      ###.......   32%         3    N/A
 Blade Hands              Tmut           ###.......   95%         5    N/A
 Statue Form              Tmut/Erth      ######...    47%         6    N/A
 Ice Form                 Ice/Tmut       ###.....     73%         4    N/A
 Throw Icicle             Conj/Ice       ###.....     32%         4    N/A
 Shadow Creatures         Summ           N/A          100%        6    N/A
 Sticks to Snakes         Tmut           ###.....     14%         2    N/A
 Ensorcelled Hibernation  Hex/Ice        ###...       21%         2    N/A
 Silence                  Hex/Air        ####......   85%         5    N/A
 Alistair's Intoxication  Tmut/Pois      ###.....     97%         5    N/A
 Conjure Ball Lightning   Conj/Air       ####......   88%         6    N/A
 Passage of Golubria      Tloc           N/A          78%         4    N/A
 Tornado                  Air            ####......   100%        9    N/A
 Darkness                 Hex            ###.......   100%        6    N/A
 Aura of Abjuration       Summ           ###.......   98%         5    N/A
 Beastly Appendage        Tmut           ###...       10%         1    N/A
 Summon Forest            Summ/Tloc      ###.......   98%         5    N/A
 Summon Mana Viper        Hex/Summ       ###.....     98%         5    N/A
 Poisonous Vapours        Pois/Air       ####..       9%          2    N/A

Dungeon Overview and Level Annotations

Branches:
Dungeon (15/15)            Temple (1/1) D:5            Lair (4/6) D:11
  Swamp (0/4) Lair:4       Spider (0/4) Lair:3          Orc (2/2) D:9
    Elf (0/3) Orc:2        Vaults (0/5) D:13         Depths (0/5) D:15

Altars:
Ashenzari
Cheibriados
Dithmenos
Elyvilon
Fedhas
Gozag
Hepliaklqana
Kikubaaqudgha
Makhleb
Nemelex Xobeh
Okawaru
Qazlal
Ru
Sif Muna
Trog
Uskayaw
Vehumet
Wu Jian
Xom
Yredelemnul
Zin
The Shining One
Beogh

Shops:
D:5 *   D:7 *   Orc:2 =[[=%%(!

Annotations:
D:13 Aroallu's ghost, journeyman FoFi


Innate Abilities, Weirdness & Mutations

You do not eat or drink.
Your flesh is vulnerable to fire.
You are immune to poison.
Your flesh is cold resistant. (rC+)
You are immune to negative energy. (rN+++)
You are immune to unholy pain and torment.
You can survive without breathing.
You are in touch with the powers of death.


Message History

Okay, then.
The death yak snorts and paws the ground.
Okay, then.
You see here a wolf corpse.
The death yak looks more healthy.
Casting: Borgnjor's Vile Clutch (slightly dangerous; 11% risk of failure)
Confirm with . or Enter, or press ? or * to list all spells.
Okay, then.
You see here a polar bear skeleton.
Casting: Borgnjor's Vile Clutch (slightly dangerous; 11% risk of failure)
Confirm with . or Enter, or press ? or * to list all spells.
Aiming: Borgnjor's Vile Clutch (slightly dangerous; 11% risk of failure)
Press: ? - help, Dir - move target cursor, f - death yak
Aim: a death yak (moderately wounded)
Okay, then.
Evoke which item? (* to show all) (? for menu, Esc to quit)
Okay, then.
Unknown command.
Casting: Borgnjor's Vile Clutch (slightly dangerous; 11% risk of failure)
Confirm with . or Enter, or press ? or * to list all spells.
Aiming: Borgnjor's Vile Clutch (slightly dangerous; 11% risk of failure)
Press: ? - help, Dir - move target cursor, f - death yak
Aim: a death yak (lightly wounded)
Okay, then.
You see here a polar bear skeleton.
The death yak snorts and paws the ground.
The death yak snorts and paws the ground.
The death yak gores you!
* * * LOW HITPOINT WARNING * * *
Casting: Borgnjor's Vile Clutch (slightly dangerous; 11% risk of failure)
Confirm with . or Enter, or press ? or * to list all spells.
Aiming: Borgnjor's Vile Clutch (slightly dangerous; 11% risk of failure)
Press: ? - help, Dir - move target cursor, f - death yak
Aim: a death yak (lightly wounded)
You feel a surge of power!
You miscast Borgnjor's Vile Clutch.
You are very lightly contaminated with residual magic.
You feel yourself slow down.
You feel horribly lethargic. You block the death yak's attack.
Casting: Borgnjor's Vile Clutch (slightly dangerous; 11% risk of failure)
Confirm with . or Enter, or press ? or * to list all spells.
Aiming: Borgnjor's Vile Clutch (slightly dangerous; 11% risk of failure)
Press: ? - help, Dir - move target cursor, f/p - death yak
Aim: a death yak
Okay, then.
Unknown command.
Really read
f - 3 scrolls of fear {!r}?
As you read the scroll of fear {!r}, it crumbles to dust.
You assume a fearsome visage.
The death yak resists with almost no effort.
The death yak gores you but does no damage.
You block the death yak's attack.
Really read
f - 2 scrolls of fear {!r}?
As you read the scroll of fear {!r}, it crumbles to dust.
You assume a fearsome visage.
The death yak resists with almost no effort.
The death yak completely misses you.
Really read
f - a scroll of fear {!r}?
As you read the scroll of fear {!r}, it crumbles to dust.
You assume a fearsome visage.
The death yak looks frightened!
Really read
k - 15 scrolls of teleportation {!r}?
As you read the scroll of teleportation {!r}, it crumbles to dust.
You feel strangely unstable. The death yak gores you!!
You die...

###....## ######
##...#### ###....###
###†.###
###...##...###
#..†##
##...#.####...##
#..##
##...###!####...#
##..# #...##
###...### #..#
#....# #..###≈##
#..## ##Y#.##
#....##≈≈ #...#
##@..## ##....##≈
##..## ##..###
###...## #...#
#..### ###h.#
#...#####.††#####
#...
#...#..#..#..##.####
####
##...##.##..#......#
#
###################


You could see a death yak.

Vanquished Creatures
  Saint Roka (Orc:1)
  A frost giant (IceCv)
  A dire elephant (Lair:3)
  A minotaur (Lab)
  Josephine (D:11)
  3 ogre magi
  A fire dragon (D:15)
  4 vault guards
  4 hydras
  2 centaur warriors
  12 two-headed ogres
  2 spectral stone giants (D:14)
  2 tengu warriors
  An orc high priest (Orc:2)
  A titan zombie (D:14)
  Nergalle (D:8)
  9 skeletal warriors
  3 unseen horrors
  2 orc knights (D:15)
  22 ugly things
  5 orc sorcerers
  A wolf spider (Lair:3)
  2 stone giant zombies (D:14)
  4 cyclopes
  A manticore (D:12)
  A fire giant zombie (D:14)
  A black mamba (Lair:2)
  An ice statue (IceCv)
  17 elephants
  A spriggan zombie (D:14)
  A kobold demonologist (D:9)
  2 spiny frogs
  A rime drake (Lair:1)
  6 komodo dragons
  A freezing wraith (D:14)
  The ghost of ThisFiasco the Ruffian, an amateur TrMo (D:4)
  12 trolls
  20 polar bears
  2 hornets (D:9)
  16 slime creatures
  8 hippogriffs
  11 blink frogs
  A stone giant simulacrum (D:14)
  4 flying skulls
  Sigmund (D:2)
  6 shadows
  6 wraiths
  33 yaks
  2 wyverns
  5 basilisks
  Grum (D:10)
  A steam dragon (D:11)
  11 vampire mosquitoes (D:12)
  6 hungry ghosts
  3 soldier ants
  3 wargs
  A floating eye (shapeshifter) (D:13)
  2 hell hounds
  3 water moccasins
  4 porcupines
  Purgy (Sewer)
  2 hornet zombies
  26 orc warriors
  2 sky beasts
  3 phantoms
  10 ice beasts
  13 ogres
  3 black bears (D:8)
  A necrophage (D:8)
  2 eyes of draining
  8 centaurs
  35 wolves
  6 crocodiles
  15 big kobolds
  14 bullfrogs
  A gnoll sergeant (D:6)
  A wyvern zombie (D:14)
  An earth elemental (Lab)
  2 scorpions
  8 killer bees
  2 electric eels (Lair:4)
  4 crimson imps
  9 bullfrog zombies
  7 centaur zombies
  8 hounds
  5 bullfrog skeletons
  2 jellies
  Crazy Yiuf (D:3)
  27 orc priests
  44 orc wizards
  7 centaur skeletons
  Terence (D:2)
  2 iguanas
  11 worker ants
  Natasha (thrice) (D:2)
  A killer bee zombie (D:8)
  3 big kobold zombies (Ossuary)
  A hound skeleton (D:5)
  4 mummies (Ossuary)
  4 worker ant zombies
  4 gnolls (D:6)
  A howler monkey skeleton (D:11)
  18 adders
  3 shadow imps
  2 oozes
  3 adder skeletons
  7 worms
  2 dart slugs (D:1)
  6 leopard geckos
  65 orcs
  4 ball pythons
  6 giant cockroaches
  8 goblins
  12 hobgoblins
  16 jackals
  36 kobolds
  8 quokkas
  15 bats
  6 frilled lizards
  A giant cockroach zombie (D:5)
  2 hobgoblin zombies (Ossuary)
  A jackal zombie (D:7)
  7 rats
  A fungus (Lair:2)
  4 plants (Lair:2)
820 creatures vanquished.

Vanquished Creatures (others)
  A cyclops (D:12)
  62 fungi
  14 plants (Lair:3)
77 creatures vanquished.

Grand Total: 897 creatures vanquished

Notes
Turn   | Place    | Note
-------+----------+-------------------------------------------
     0 | D:1      | Amnesiac the Mummy Earth Elementalist began the quest for the Orb.
     0 | D:1      | Reached XP level 1. HP: 13/13 MP: 4/4
    55 | D:1      | Reached XP level 2. HP: 17/19 MP: 0/5
    99 | D:1      | Learned a level 2 spell: Passwall
   353 | D:1      | You fall through a shaft!
   397 | D:2      | Noticed Sigmund
   619 | D:3      | Reached XP level 3. HP: 21/24 MP: 7/7
   677 | D:2      | Killed Sigmund
   677 | D:2      | Reached XP level 4. HP: 18/30 MP: 0/10
   677 | D:2      | Reached XP level 5. HP: 21/35 MP: 0/11
   739 | D:3      | Learned a level 5 spell: Lee's Rapid Deconstruction
   744 | D:3      | Learned a level 4 spell: Petrify
   802 | D:2      | Noticed Natasha
   810 | D:2      | Killed Natasha
  1321 | D:5      | Entered Level 5 of the Dungeon
  1322 | D:5      | Found Gozag's Platinum Reserve.
  1394 | D:4      | Reached XP level 6. HP: 34/41 MP: 9/13
  1412 | D:4      | Reached skill level 5 in Spellcasting
  1412 | D:4      | Reached skill level 5 in Earth Magic
  1570 | D:4      | Found a transporter.
  1571 | D:4      | Noticed ThisFiasco's ghost (amateur TrMo)
  1572 | D:4      | Found a transporter.
  1650 | D:4      | Reached XP level 7. HP: 39/46 MP: 13/15
  1658 | D:4      | Learned a level 3 spell: Stone Arrow
  1835 | D:4      | Found a glowing drain.
  1839 | Sewer    | Entered a sewer
  1995 | Sewer    | Noticed Purgy
  1998 | Sewer    | Killed Purgy
  2469 | D:5      | Reached XP level 8. HP: 52/52 MP: 5/18
  2570 | D:5      | Found a staircase to the Ecumenical Temple.
  2581 | Temple   | Entered the Ecumenical Temple
  2930 | D:5      | Found an opulent altar of Gozag.
  3557 | D:3      | Found a hide-covered altar of Uskayaw.
  3557 | D:3      | Found a blossoming altar of Fedhas.
  3820 | D:3      | Found a runed door.
  4193 | D:2      | Noticed Terence
  4203 | D:2      | Killed Terence
  4275 | D:2      | Noticed Natasha
  4279 | D:2      | Killed Natasha
  4280 | D:2      | Found a sacrificial altar of Ru.
  4939 | D:7      | Found Bailaoja's Assorted Antiques.
  5057 | D:7      | Reached XP level 9. HP: 57/57 MP: 19/21
  5072 | D:7      | Learned a level 3 spell: Ozocubu's Armour
  5231 | D:7      | Found a sand-covered staircase.
  5243 | Ossuary  | Entered an ossuary
  5838 | D:6      | Found a white marble altar of Elyvilon.
  5838 | D:6      | Found a glowing golden altar of the Shining One.
  5839 | D:6      | Found a glowing silver altar of Zin.
  5982 | D:6      | Found a hazy altar of Hepliaklqana.
  6087 | D:6      | Noticed a two-headed ogre
  6097 | D:6      | Killed a two-headed ogre
  6097 | D:6      | Reached skill level 10 in Spellcasting
  6097 | D:6      | Reached skill level 10 in Earth Magic
  6932 | D:8      | Noticed a two-headed ogre
  6936 | D:8      | Killed a two-headed ogre
  6936 | D:8      | Reached skill level 1 in Evocations
  6936 | D:8      | Reached XP level 10. HP: 67/67 MP: 8/24
  7135 | D:9      | Identified the Guide on Envenoming and the Rocks
  7386 | D:8      | Noticed a two-headed ogre
  7390 | D:8      | Killed a two-headed ogre
  7425 | D:8      | Got a distressingly furry leather armour
  7526 | D:8      | Identified the +0 leather armour of the Eternal Fruit {-Cast rN+ Regen+ Dex+8} (You found it on level 8 of the Dungeon)
  8158 | D:9      | Reached XP level 11. HP: 42/77 MP: 25/25
  8251 | D:9      | Found a staircase to the Orcish Mines.
  8408 | D:9      | Found a radiant altar of Vehumet.
  8412 | D:9      | Found a shimmering altar of Xom.
  8413 | D:9      | Found a shadowy altar of Dithmenos.
  8540 | D:9      | Noticed a sun demon
  8631 | D:9      | Became a worshipper of Vehumet
  9082 | D:1      | Reached * piety under Vehumet
  9082 | D:1      | Offered knowledge of Sting by Vehumet.
  9533 | D:2      | Noticed Natasha
  9538 | D:2      | Killed Natasha
  9591 | D:3      | Noticed Crazy Yiuf
  9593 | D:3      | Killed Crazy Yiuf
  9663 | D:4      | Killed ThisFiasco's ghost
  9790 | Orc:1    | Entered Level 1 of the Orcish Mines
  9790 | Orc:1    | Noticed Nergalle
  9939 | D:8      | Killed Nergalle
 10039 | Orc:1    | Noticed a two-headed ogre
 10040 | Orc:1    | Noticed an ogre mage
 10086 | D:10     | Entered Level 10 of the Dungeon
 10115 | D:10     | Reached skill level 5 in Dodging
 10168 | D:10     | Offered knowledge of Flame Tongue by Vehumet.
 10172 | D:10     | Reached ** piety under Vehumet
 10742 | D:10     | Noticed Grum
 10753 | D:10     | Killed Grum
 10876 | D:11     | Noticed a purple ugly thing
 10886 | D:11     | Killed a purple ugly thing
 11016 | D:11     | Offered knowledge of Ignite Poison by Vehumet.
 11034 | D:11     | Noticed Josephine
 11288 | D:11     | Found a staircase to the Lair.
 11322 | D:11     | Reached *** piety under Vehumet
 11614 | D:11     | Offered knowledge of Mephitic Cloud by Vehumet.
 11620 | D:11     | Reached XP level 12. HP: 83/83 MP: 7/27
 11706 | D:11     | Killed Josephine
 11845 | D:10     | Learned a level 4 spell: Leda's Liquefaction
 13210 | D:12     | Reached **** piety under Vehumet
 13254 | D:12     | Noticed a two-headed ogre
 13257 | D:12     | Killed a two-headed ogre
 13825 | D:12     | Offered knowledge of Lightning Bolt by Vehumet.
 14694 | D:12     | Gained mutation: You are in touch with the powers of death. [Mummy growth]
 14694 | D:12     | Reached XP level 13. HP: 88/88 MP: 4/30
 15185 | D:12     | Learned a level 5 spell: Borgnjor's Vile Clutch
 15841 | D:13     | Reached ***** piety under Vehumet
 15841 | D:13     | Offered knowledge of Airstrike by Vehumet.
 16694 | D:13     | Found a gate to the Vaults.
 17721 | D:14     | Found a runed gate.
 17721 | D:14     | Found a runed gate.
 17721 | D:14     | Found a runed gate.
 17721 | D:14     | Noticed Aroallu's ghost (journeyman FoFi)
 18890 | D:14     | Got a pair of smoking boots
 18903 | D:14     | Identified the +2 pair of boots of Agaafud {Dex+5 SInv} (You found it on level 14 of the Dungeon)
 19071 | D:14     | Reached XP level 14. HP: 12/95 MP: 20/32
 19214 | D:15     | Entered Level 15 of the Dungeon
 20182 | Orc:1    | Reached skill level 15 in Earth Magic
 20252 | Orc:1    | Found a shimmering altar of Xom.
 20481 | Orc:2    | Entered Level 2 of the Orcish Mines
 20490 | Orc:2    | Reached skill level 15 in Spellcasting
 20510 | Orc:2    | Noticed Saint Roka
 20544 | Orc:2    | Found Veisch's Antique Armour Shoppe.
 20552 | Orc:2    | Found Gut Tyn's Jewellery Shop.
 20556 | Orc:2    | Found a roughly hewn altar of Beogh.
 20569 | Orc:2    | Found a labyrinth entrance.
 20582 | Orc:2    | Offered knowledge of Freezing Cloud by Vehumet.
 20589 | Lab      | Entered a labyrinth
 20942 | Lab      | Learned a level 4 spell: Summon Lightning Spire
 20949 | Lab      | Learned a level 6 spell: Deflect Missiles
 21065 | Orc:2    | Reached skill level 1 in Shields
 21077 | Orc:2    | Paralysed by an orc sorcerer for 6 turns
 21226 | Orc:2    | Found Atwegig's Antique Weapon Shop.
 21597 | Orc:2    | Found a burning altar of Makhleb.
 21794 | Orc:2    | Found Duoxka Wikas's Food Emporium.
 21794 | Orc:2    | Found Sear's Food Emporium.
 21795 | Orc:2    | Found Ruoss's Antique Armour Shoppe.
 21798 | Orc:2    | Found Magriz's Jewellery Shoppe.
 21949 | Orc:2    | Found a staircase to the Elven Halls.
 21956 | Orc:2    | Found Corraacw's Distillery.
 23065 | Orc:1    | Killed Saint Roka
 23065 | Orc:1    | Reached skill level 1 in Air Magic
 23118 | Orc:2    | Bought a glowing robe for 88 gold pieces
 23151 | Orc:2    | Bought a runed robe for 107 gold pieces
 23192 | Orc:2    | Bought a pair of ancient boots for 275 gold pieces
 23192 | Orc:2    | Bought a pair of dazzling gloves for 275 gold pieces
 23202 | Orc:2    | Identified the +2 pair of gloves of Jauryck Nuri {rPois rF- Str+3 Int+3} (You bought it in a shop on level 2 of the Orcish Mines)
 23212 | Orc:2    | Identified the +2 pair of boots of Sudweop {rPois Str+2 Slay+3} (You bought it in a shop on level 2 of the Orcish Mines)
 23242 | Orc:2    | Bought an uncursed ring of magical power for 220 gold pieces
 23251 | Orc:2    | Bought a shiny shield for 217 gold pieces
 23251 | Orc:2    | Bought a runed shield for 217 gold pieces
 23301 | Orc:2    | Bought a shimmering leather armour for 168 gold pieces
 23311 | Orc:2    | Identified the +1 leather armour of Marbles {+Fly Slay+2} (You bought it in a shop on level 2 of the Orcish Mines)
 24843 | D:15     | Reached XP level 15. HP: 100/100 MP: 19/34
 24943 | D:15     | Found a staircase to the Depths.
 24951 | D:15     | Offered knowledge of Iskenderun's Battlesphere by Vehumet.
 25196 | Lair:1   | Entered Level 1 of the Lair of Beasts
 27765 | Lair:3   | Found a hole to the Spider Nest.
 28369 | Lair:4   | Found a staircase to the Swamp.
 28532 | Lair:4   | Found a frozen archway.
 28534 | IceCv    | Entered an ice cave
 28651 | IceCv    | Offered knowledge of Bolt of Magma by Vehumet.
 29101 | IceCv    | Noticed a frost giant
 29113 | IceCv    | Killed a frost giant
 29231 | IceCv    | Slain by a death yak

Vault maps used:
D:1:      ncdulo_wetmaze, minmay_close_crescents
D:2:      lemuel_round_altar, minmay_misc_feat_x, uniq_sigmund, uniq_natasha,
          uniq_terence
D:3:      gammafunk_temple_overflow_statue, minmay_misc_feat_nine_boxes,
          uniq_crazy_yiuf_cottage
D:4:      gup_sewer_entry_spiral, gammafunk_ghost_smash, grunt_decor_resistance
D:5:      nicolae_gozag_zags_fifth_avenue, minmay_temple_entry_glassed_door,
          first_ration
D:6:      good_gods_temple_1, lemuel_crystal_altar
D:7:      chequers_ossuary_entry_cave, serial_shops, shop
D:9:      minitemple, orc_0_dummy, special_room, hangedman_pestilent_swarm
D:10:     uniq_grum
D:11:     hangedman_screamer, minmay_lair_entry_lava
D:13:     lightli_vaults_fourway_checkpoint
D:14:     gammafunk_ghost_necromancy
D:15:     hangedman_depths_entry_civil_slaughter, minmay_misc_feat_five,
          uniq_josephine
Temple:   minmay_temple_curvy_loop
Lair:1:   guppyfry_lair_drakes, grunt_megastairs_5
Lair:2:   cheibrodos_lair_lostbears
Lair:3:   mu_elephants_graveyard, spider_nest_entry_rubble
Lair:4:   minmay_lair_venomous_thicket, minmay_swamp_entry_eels,
          portal_ice_cave_entry_animals_and_master
Orc:1:    basic_altar, uniq_nergalle
Orc:2:    st_orc_mages, serial_shops, nicolae_shop_window_shopping,
          nicolae_shop_stone, shop, shop, lab_entry_generic, basic_altar,
          lemuel_statue_altar, uniq_saint_roka
Lab:      nicolae_lab_statue, labyrinth_skeletal_remains, nicolae_lab_swirl,
          nicolae_lab_x, lab_fountain
Sewer:    sewer_the_crocodile
Ossuary:  ossuary_the_hunt_dpeg
IceCv:    ice_cave_caverns_01

Skill      XL: |  1  2  3  4  5  6  7  8  9 10 11 12 13 14 15 |
---------------+----------------------------------------------+-----
Spellcasting   | 3 4 5 6 8 10 11 13 14 15 16 | 16.9
Earth Magic    | 3 4 5 6 8 10 11 13 14 15 16 | 16.9
Fighting       | 2 4 |  4.0
Dodging        | 2 4 6 7 8 |  8.0
Evocations     | 1 4 |  4.0
Stealth        | 4 |  4.0
Shields        | 3 4 |  4.0
Air Magic      | 2 4 |  4.0
Transmutations | |  0.7

Action                   |  1- 3 |  4- 6 |  7- 9 | 10-12 | 13-15 || total
-------------------------+-------+-------+-------+-------+-------++-------
Melee: Unarmed           |     8 |       |       |       |       ||     8
       Mace              |    10 |       |       |       |       ||    10
       Whip              |       |       |   212 |       |       ||   212
       Dagger            |       |       |   237 |   603 |   470 ||  1310
       Staff             |       |       |       |     1 |       ||     1
 Fire: Hunting sling     |    55 |    85 |    16 |       |       ||   156
       Blowgun           |       |       |     6 |     1 |       ||     7
 Cast: Sandblast         |    14 |    46 |    52 |    44 |     9 ||   165
       Lee's Rapid Decon |       |       |    14 |   120 |   266 ||   400
       Passwall          |       |       |    12 |     2 |    13 ||    27
       Petrify           |       |       |     3 |     5 |       ||     8
       Stone Arrow       |       |       |       |   125 |   246 ||   371
       Borgnjor's Vile C |       |       |       |       |    90 ||    90
       Summon Lightning  |       |       |       |       |     2 ||     2
Evoke: Wand              |       |       |       |    10 |    14 ||    24
       Lamp of fire      |       |       |       |     1 |     3 ||     4
       Lightning rod     |       |       |       |       |     4 ||     4
  Use: Scroll            |       |     2 |    14 |     8 |    13 ||    37
 Stab: Petrified         |       |       |     4 |    14 |       ||    18
       Sleeping          |       |       |     4 |     7 |     5 ||    16
       Petrifying        |       |       |       |     1 |       ||     1
       Distracted        |       |       |       |       |     1 ||     1
Armor: Robe              |    14 |     9 |     5 |       |   121 ||   149
       Troll leather arm |       |       |   137 |   359 |   154 ||   650
Dodge: Dodged            |    44 |    47 |   253 |   521 |   404 ||  1269
Block: Other             |       |     1 |    94 |   148 |    72 ||   315
       Reflection        |       |       |     2 |     2 |     2 ||     6
       Shield            |       |       |       |       |   259 ||   259

Table legend:
 A = Spawn XP
 B = Non-spawn XP
 C = Spawn XP percentage of total XP
 D = Spawn monster count
 E = Non-spawn monster count
 F = Spawn count percentage of total count
 G = Total turns spent on level
                    A         B        C        D         E        F      G
               +---------+---------+-------+---------+---------+-------+---------
         Total |       0 |  150485 |   0.0 |       0 |     816 |   0.0 | 29231
               +---------+---------+-------+---------+---------+-------+---------
           D:1 |       0 |      43 |   0.0 |       0 |      25 |   0.0 |   838
           D:2 |       0 |     471 |   0.0 |       0 |      39 |   0.0 |   777
           D:3 |       0 |     143 |   0.0 |       0 |      30 |   0.0 |  1572
           D:4 |       0 |    1111 |   0.0 |       0 |      35 |   0.0 |   987
           D:5 |       0 |     687 |   0.0 |       0 |      25 |   0.0 |  1024
           D:6 |       0 |    1625 |   0.0 |       0 |      16 |   0.0 |   648
           D:7 |       0 |    1399 |   0.0 |       0 |      29 |   0.0 |  1202
           D:8 |       0 |    4162 |   0.0 |       0 |      27 |   0.0 |  1030
           D:9 |       0 |    5240 |   0.0 |       0 |      59 |   0.0 |  1434
          D:10 |       0 |    2489 |   0.0 |       0 |      30 |   0.0 |  1647
          D:11 |       0 |   11688 |   0.0 |       0 |      66 |   0.0 |  1792
          D:12 |       0 |   12200 |   0.0 |       0 |      49 |   0.0 |  2168
          D:13 |       0 |   10791 |   0.0 |       0 |      51 |   0.0 |  1580
          D:14 |       0 |   14395 |   0.0 |       0 |      31 |   0.0 |  2612
          D:15 |       0 |   24883 |   0.0 |       0 |      51 |   0.0 |  1706
        Lair:1 |       0 |    7401 |   0.0 |       0 |      30 |   0.0 |  1253
        Lair:2 |       0 |    5163 |   0.0 |       0 |      17 |   0.0 |   836
        Lair:3 |       0 |   12704 |   0.0 |       0 |      34 |   0.0 |  1080
        Lair:4 |       0 |    2210 |   0.0 |       0 |      13 |   0.0 |   169
         Orc:1 |       0 |   11148 |   0.0 |       0 |      25 |   0.0 |   866
         Orc:2 |       0 |    6705 |   0.0 |       0 |      62 |   0.0 |  2218
           Lab |       0 |    1482 |   0.0 |       0 |       3 |   0.0 |   443
         Sewer |       0 |     145 |   0.0 |       0 |       6 |   0.0 |   215
       Ossuary |       0 |     241 |   0.0 |       0 |      11 |   0.0 |   343
         IceCv |       0 |   11959 |   0.0 |       0 |      52 |   0.0 |   697
               +---------+---------+-------+---------+---------+-------+---------
